 Dungeon Crawl Stone Soup version 0.16.2-2-g470672f (webtiles) character file.

347 DizzySkin the Ducker (level 6, -3/47 (51) HPs)
             Began as a Draconian Skald on Sept 3, 2015.
             Was a Follower of Nemelex Xobeh.
             Slain by an orc
             ... wielding a +0 whip of electrocution
              (7 damage)
             ... on level 4 of the Dungeon.
             The game lasted 00:15:28 (3242 turns).

DizzySkin the Ducker (Draconian Skald)              Turns: 3242, Time: 00:15:28

HP:   -3/47 (51)    AC:  7    Str: 14    XL:     6   Next: 33%
MP:   10/10         EV: 14    Int: 12    God:    Nemelex Xobeh [*.....]
Gold: 164           SH:  0    Dex: 13    Spells: 1 memorised, 8 levels left

rFire  + . .     SeeInvis .     a - +0 falchion
rCold  + . .     Clarity  .     (armour unavailable)
rNeg   . . .     SustAb   .     (no shield)
rPois  +         Gourm    .     (helmet restricted)
rElec  +         Spirit   .     (no cloak)
rCorr  +         Warding  .     p - +0 pair of gloves
rMut   .         Stasis   .     (no boots)
MR     .....                    (no amulet)
Stlth  ++........               b - ring of stealth
                                h - ring of poison resistance

@: resistant, not resistant to hostile enchantments, unstealthy
A: unfitting armour, cold-blooded, AC +6
a: Renounce Religion


You were on level 4 of the Dungeon.
You worshipped Nemelex Xobeh.
Nemelex Xobeh was aware of your devotion.
You were not hungry.

You visited 1 branch of the dungeon, and saw 4 of its levels.

You collected 164 gold pieces.

Inventory:

Hand weapons
 a - a +0 falchion (weapon)
 n - a +2 vampiric short sword
Missiles
 k - 2 curare-tipped needles
Armour
 f - a +0 shield
 p - a +0 pair of gloves (worn)
Jewellery
 b - a ring of stealth (right hand)
 e - an uncursed amulet of resist mutation
 h - a ring of poison resistance (left hand)
Scrolls
 j - a scroll of identify
 r - a scroll of teleportation
Potions
 m - a potion of resistance
Books
 c - a book of Battle

   Spells                             Type                      Level
   a - Infusion                       Charms                       1
   b - Shroud of Golubria             Charms/Translocation         2
   c - Song of Slaying                Charms                       2
   d - Spectral Weapon                Hexes/Charms                 3
   e - Regeneration                   Charms/Necromancy            3
Comestibles
 d - 2 bread rations
 g - 2 chunks of flesh
 i - a royal jelly
 o - a fruit


   Skills:
 + Level 3.1 Fighting
 + Level 3.7 Long Blades
 + Level 4.4 Dodging
 - Level 0.2 Shields
 - Level 2.1 Spellcasting
 + Level 3.1 Charms


You had 8 spell levels left.
You knew the following spells:

 Your Spells              Type           Power        Failure   Level  Hunger
a - Infusion              Chrm           #.....       10%         1    ##.....


Dungeon Overview and Level Annotations

Branches:
Dungeon (4/15)
 Temple: D:4-7

Altars:
Ashenzari
Nemelex Xobeh
Okawaru
Ru
The Shining One


Innate Abilities, Weirdness & Mutations

Your plain brown scales are hard (AC +6).
Your body does not fit into most forms of armour.
Your cold-blooded metabolism reacts poorly to cold.


Message History

The orc hits you with a whip of electrocution.
* * * LOW HITPOINT WARNING * * *
You hit the orc.
The orc is lightly wounded.
The orc hits you but does no damage.
You hit the orc but do no damage.
Your tail-slap misses the orc.
The orc is lightly wounded.
The orc hits you but does no damage. The orc misses you.
You hit the orc.
The orc is moderately wounded.
The orc misses you.
You hit the orc.
The orc is moderately wounded.
The orc hits you with a whip of electrocution.
* * * LOW HITPOINT WARNING * * *
You closely miss the orc.
The orc is moderately wounded.
The orc hits you with a whip of electrocution!
You die...
Your body glows slightly and disappears.

. #.... #.....
########...... ###
#.............. #..
#............. #..
#....(....(. ###..
#....o...# #....
#.....@..# #....
#........##########....
####....>......(..'....
#.##############.... #.
#.... #. #.... # #....
+.... #.#+#


You could see an orc.

Vanquished Creatures
  A necrophage (D:4)
  A giant frog (D:3)
  A scorpion (D:4)
  An iguana (D:4)
  Robin (D:3)
  7 adders
  An adder skeleton (D:4)
  2 giant geckos (D:2)
  3 oozes
  9 orcs
  3 ball pythons
  10 bats
  6 giant cockroaches
  17 goblins
  8 hobgoblins
  6 jackals
  4 quokkas
  3 giant newts
  7 kobolds
  8 rats
99 creatures vanquished.

Vanquished Creatures (collateral kills)
  An orc (D:2)
  A hobgoblin (D:2)
2 creatures vanquished.

Vanquished Creatures (others)
  2 giant newts (D:2)
2 creatures vanquished.

Grand Total: 103 creatures vanquished

Notes
Turn   | Place    | Note
--------------------------------------------------------------
     0 | D:1      | DizzySkin, the Draconian Skald, began the quest for the Orb.
     0 | D:1      | Reached XP level 1. HP: 17/17 MP: 3/3
    50 | D:1      | Reached XP level 2. HP: 12/25 MP: 4/4
   192 | D:1      | Reached skill level 3 in Charms
   735 | D:1      | Reached XP level 3. HP: 27/30 MP: 6/6
  1208 | D:2      | Found a sparkling altar of Nemelex Xobeh.
  1233 | D:2      | Became a worshipper of Nemelex Xobeh the Trickster
  1415 | D:2      | Reached XP level 4. HP: 27/37 MP: 7/7
  1460 | D:2      | Received a gift from Nemelex Xobeh
  1774 | D:3      | Found an iron altar of Okawaru.
  1836 | D:3      | Found a glowing golden altar of the Shining One.
  1957 | D:3      | Found a shattered altar of Ashenzari.
  2062 | D:3      | Noticed a giant frog
  2071 | D:3      | Killed a giant frog
  2116 | D:3      | Reached XP level 5. HP: 21/44 MP: 7/9
  2332 | D:3      | Noticed Robin
  2347 | D:3      | Killed Robin
  3059 | D:4      | Reached skill level 4 in Dodging
  3095 | D:4      | Found a sacrificial altar of Ru.
  3164 | D:4      | Noticed a necrophage
  3184 | D:4      | Killed a necrophage
  3184 | D:4      | Reached XP level 6. HP: 7/51 MP: 10/10
  3242 | D:4      | Slain by an orc

Action                   |  1- 3 |  4- 6 || total
-------------------------+-------+-------++-------
Melee: Falchion          |   151 |   259 ||   410
 Cast: Infusion          |     1 |     3 ||     4
Evoke: Deck              |       |     5 ||     5
  Use: Scroll            |     2 |     6 ||     8
       Potion            |       |     4 ||     4
 Stab: Distracted        |       |     1 ||     1
  Eat: Chunk             |     2 |     7 ||     9
